 Dungeon Crawl Stone Soup version 0.30-a0-364-gf6b3ef1049 (webtiles) character file.

Game seed: 15485718424418406301

422 mopl the Magician (level 6, -8/36 HPs)
             Began as an Octopode Hedge Wizard on Nov 15, 2022.
             Was an Initiate of Vehumet.
             Mangled by an iguana (14 damage)
             ... on level 4 of the Dungeon.
             The game lasted 00:05:25 (3127 turns).

mopl the Magician (Octopode Hedge Wizard)           Turns: 3127, Time: 00:05:25

Health: -8/36      AC:  1    Str: 10    XL:     6   Next: 95%
Magic:  3/13       EV: 13    Int: 18    God:    Vehumet [......]
Gold:   194        SH:  0    Dex: 11    Spells: 8/14 levels left

rFire   . . .      SeeInvis .    a - +0 dagger
rCold   . . .      Faith    .    (no shield)
rNeg    . . .      Spirit   .    b - +0 hat
rPois   .          Reflect  .    (no amulet)
rElec   .          Harm     .    v - ring of willpower
rCorr   .          Rampage  .    (no ring)
Will    +....                    (no ring)
Stlth   +++.......               (no ring)
HPRegen 0.26/turn                (no ring)
MPRegen 0.13/turn                (no ring)
                                 (no ring)
                                 (no ring)

@: on blink cooldown, very slightly contaminated
A: almost no armour, amphibious, 8 rings, camouflage 1, gelatinous body 1,
(nimble swimmer 1), tentacles
a: Renounce Religion


You were on level 4 of the Dungeon.
You worshipped Vehumet.
Vehumet was noncommittal.
You visited 1 branch of the dungeon, and saw 4 of its levels.

You collected 194 gold pieces.

Inventory:

Hand Weapons
 a - a +0 dagger (weapon)
Missiles
 i - 6 poisoned darts
 p - 2 javelins
 y - 4 boomerangs
Armour
 b - a +0 hat (worn)
Jewellery
 v - a ring of willpower (left tentacle)
Scrolls
 d - 3 scrolls of torment {unknown}
 e - 2 scrolls of identify {unknown}
 h - a scroll of enchant weapon {unknown}
 k - a scroll of noise {unknown}
 l - a scroll of magic mapping {unknown}
 m - 2 scrolls of blinking {unknown}
 q - 2 scrolls of fear {unknown}
 r - a scroll of butterflies {unknown}
 s - a scroll of amnesia {unknown}
 t - 2 scrolls of immolation {unknown}
 u - a scroll of teleportation {unknown}
 w - a scroll of poison {unknown}
 z - a scroll of acquirement {unknown}
Potions
 c - a potion of magic
 f - a potion of heal wounds {unknown}
 g - 2 potions of curing
 j - 2 potions of might {unknown}
 n - a potion of haste {unknown}
 x - a potion of flight {unknown}


   Skills:
 - Level 2.0 Dodging
 - Level 2.6 Stealth
 * Level 4.8 Spellcasting
 * Level 4.1 Conjurations
 - Level 1.0 Summonings
 + Level 2.9 Translocations
 + Level 2.0 Evocations


You had 8 spell levels left.
You knew the following spells:

 Your Spells              Type           Power      Damage    Failure   Level
a - Magic Dart            Conj           76%        1d6       2%          1
c - Mephitic Cloud        Conj/Pois/Air  9%         N/A       22%         3
e - Blink                 Tloc           28%        N/A       6%          2

Your spell library contained the following spells:

 Spells                   Type           Power      Damage    Failure   Level
 Kiss of Death            Conj/Necr      44%        2d8       6%          1
 Slow                     Hex            16%        N/A       14%         1
 Call Imp                 Summ           7%         N/A       14%         2
 Cigotuvi's Dreadful Rot  Necr/Pois/Air  8%         N/A       21%         2
 Poisonous Vapours        Pois/Air       8%         N/A       21%         2
 Confusing Touch          Hex            4%         N/A       38%         3
 Vampiric Draining        Necr           4%         2d6       38%         3
 Dispel Undead            Necr           4%         3d7       80%         4


Dungeon Overview and Level Annotations

Branches:
Dungeon (4/15)
 Temple: D:4-7

Altars:
Elyvilon
Qazlal
Vehumet
Zin
The Shining One


Innate Abilities, Weirdness & Mutations

You cannot wear most types of armour.
You are amphibious.
You can wear up to eight rings at the same time.
Your skin changes colour to match your surroundings (Stealth+).
Your rubbery body absorbs attacks. (AC +1, EV +1)
((You are camouflaged when in or above water. (Stealth+)))
You have tentacles for arms and can constrict up to eight enemies at once.


Message History

The magic dart hits the ice beast but does no damage.
The ice beast is lightly wounded.
The magic dart hits the ice beast.
The ice beast is lightly wounded.
Casting: Magic Dart (safe; 2% risk of failure)
Confirm with . or Enter, or press ? or * to list all spells.
You blink.
An iguana comes into view.
The magic dart hits the iguana but does no damage.
The magic dart hits the iguana.
The iguana is lightly wounded.
The iguana completely misses you.
Casting: Magic Dart (safe; 2% risk of failure)
Confirm with . or Enter, or press ? or * to list all spells.
You are still too unstable to blink.
The iguana bites you! The ice beast hits you. The ice beast freezes you!
Casting: Blink (safe; 6% risk of failure)
Confirm with . or Enter, or press ? or * to list all spells.
You are still too unstable to blink.
It was a potion of curing.
You feel better. The iguana closely misses you. The ice beast hits you.
The ice beast freezes you.
You barely miss the iguana. You grab the iguana.
You squeeze the iguana, but do no damage.
The iguana is lightly wounded.
You feel stable enough to blink again.
You constrict the iguana, but do no damage.
The iguana bites you!
* * * LOW HITPOINT WARNING * * *
The ice beast closely misses you.
Casting: Blink (safe; 6% risk of failure)
Confirm with . or Enter, or press ? or * to list all spells.
You miscast Blink.
You are very lightly contaminated with residual magic.
Nothing appears to happen.
You constrict the iguana. The iguana closely misses you.
The ice beast misses you.
Unknown command.
Casting: Blink (safe; 6% risk of failure)
Confirm with . or Enter, or press ? or * to list all spells.
You blink.
You constrict the iguana. The iguana bites you!
You die...

##.## ##..#####......## #..#
#.## ##....##.)......# #..###
.## #..##..........÷### ##.....
.# #.####......###...###...###
.# ### ##....####..#......# .##
### ########..######.## #.## #.#
#. #§.#.## #.## # ##.## #.#
###..##lY### #..###
##.###.###[$##.@##.########..##.
##......#$/##..##.#............
#
##.....##########.#..#####....#
###)..#####...)####.#.## ##...#
##..### #.####....##..######...#
#### #.# #########....##...# #.#
#..'....####.....##
#.####..#.88.# ##....#
##.†..###.88.# #....#


You could see an ice beast and an iguana.

Vanquished Creatures
  2 black bears (D:4)
  An ogre (D:4)
  10 adders
  2 worms
  A dart slug (D:2)
  An orc (D:4)
  8 ball pythons
  10 endoplasms
  7 goblins
  4 hobgoblins
  A quokka (D:1)
  4 bats
  5 frilled lizards
  7 kobolds
  4 rats (D:1)
67 creatures vanquished.

Vanquished Creatures (others)
  25 plants (D:3)
25 creatures vanquished.

Grand Total: 92 creatures vanquished

Notes
Turn   | Place    | Note
-------+----------+-------------------------------------------
     0 | D:1      | mopl the Octopode Hedge Wizard began the quest for the Orb.
     0 | D:1      | Reached XP level 1. HP: 11/11 MP: 4/4
   195 | D:1      | Reached XP level 2. HP: 16/17 MP: 6/6
   225 | D:1      | Learned a level 2 spell: Blink
   524 | D:1      | Reached XP level 3. HP: 18/21 MP: 7/7
   548 | D:1      | Reached skill level 2 in Conjurations
   948 | D:2      | Reached XP level 4. HP: 9/27 MP: 1/9
  1368 | D:2      | Reached skill level 2 in Translocations
  1736 | D:3      | Found a glowing golden altar of the Shining One.
  1739 | D:3      | Found a glowing silver altar of Zin.
  1742 | D:3      | Found a stormy altar of Qazlal.
  1745 | D:3      | Found a radiant altar of Vehumet.
  1749 | D:3      | Became a worshipper of Vehumet
  1801 | D:3      | Found a white marble altar of Elyvilon.
  2268 | D:3      | Reached skill level 4 in Spellcasting
  2268 | D:3      | Reached skill level 3 in Conjurations
  2268 | D:3      | Reached XP level 5. HP: 29/31 MP: 9/11
  2511 | D:4      | Noticed a black bear
  2521 | D:4      | Killed a black bear
  2522 | D:4      | Reached skill level 1 in Evocations
  2597 | D:4      | Reached XP level 6. HP: 26/36 MP: 12/12
  2718 | D:4      | Learned a level 3 spell: Mephitic Cloud
  3036 | D:4      | Noticed an ice beast
  3036 | D:4      | Noticed a black bear
  3043 | D:4      | Killed a black bear
  3044 | D:4      | Reached skill level 4 in Conjurations
  3044 | D:4      | Reached skill level 2 in Evocations
  3127 | D:4      | Mangled by an iguana

Illustrated notes

Levels and vault maps discovered:
D:1:      dpeg_arrival_round_a, layout_basic, minmay_misc_feat_chi,
          minivault_23, minmay_misc_feat_iff, minmay_unequal
D:2:      layout_basic, item_on_display_a
D:3:      layout_rooms, elyvilon_altar_4, grunt_temple_overflow_cloverleaf,
          serial_bayou, serial_bayou_pond_c, serial_bayou_shore_a,
          serial_bayou_lagoon_a, serial_bayou_pond_b, kennysheep_another_room
D:4:      minmay_chambers_of_fours, layout_layer_cave, kennysheep_mini

Skill      XL: |  1  2  3  4  5  6 |
---------------+-------------------+-----
Conjurations   | 2 3 4 |  4.1
Translocations | 2 |  2.9
Spellcasting   | 4 |  4.8
Evocations     | 1 2 |  2.0
Dodging        | |  2.0
Stealth        | |  2.6
Summonings     | |  1.0

Action                   |  1- 3 |  4- 6 || total
-------------------------+-------+-------++-------
Melee: Dagger            |    81 |    79 ||   160
       Constrict         |    15 |    17 ||    32
       Tentacles         |    16 |    20 ||    36
       Punch             |       |     1 ||     1
 Cast: Magic Dart        |    10 |    33 ||    43
       Blink             |       |     5 ||     5
Evoke: Wand              |       |     8 ||     8
  Use: Potion            |       |     1 ||     1
 Stab: Sleeping          |     8 |     6 ||    14
       Paralysed         |       |     7 ||     7
Armor: Skin              |    15 |     3 ||    18
Dodge: Dodged            |    58 |    63 ||   121

Table legend: (Time is in decaauts)
 A = Elapsed time spent in this place.
 B = Non-inter-level travel time spent in this place.
 C = Inter-level travel time spent in this place.
 D = Time resting spent in this place.
 E = Time spent auto-exploring this place.
 F = Levels seen in this place.
 G = Mean time per level.
                   A        B        C        D        E       F      G
               +--------+--------+--------+--------+--------+-----+--------+
         Total |   3126 |   3060 |     66 |    438 |   2066 |   4 |  781.5 |
       Dungeon |   3126 |   3060 |     66 |    438 |   2066 |   4 |  781.5 |
               +--------+--------+--------+--------+--------+-----+--------+

Top non-repeatable levels by time:
     D:2: 1029 daAuts
     D:1: 748 daAuts
     D:3: 688 daAuts
     D:4: 660 daAuts
